 Dungeon Crawl Stone Soup version 0.18-a0-801-gb01a236 (webtiles) character file.

26 cluie the Chiller (level 2, 0/20 HPs)
             Began as a Demonspawn Ice Elementalist on Dec 14, 2015.
             Slain by a hobgoblin
             ... wielding a +0 club
              (2 damage)
             ... on level 2 of the Dungeon.
             The game lasted 00:02:50 (1527 turns).

cluie the Chiller (Demonspawn Ice Elementalist)     Turns: 1527, Time: 00:02:50

Health: 0/20       AC:  3    Str:  8    XL:     2   Next: 89%
Magic:  0/5        EV: 12    Int: 14    God:
Gold:   74         SH:  0    Dex: 13    Spells: 1 memorised, 4 levels left

rFire  . . .     SeeInvis .     (no weapon)
rCold  . . .     Clarity  .     a - +0 robe
rNeg   . . .     SustAt   .     (no shield)
rPois  .         Gourm    .     (helmet restricted)
rElec  .         Spirit   +     (no cloak)
rCorr  .         Dismiss  .     (no gloves)
rMut   .         Stasis   .     f - +0 pair of boots
MR     .....                    (no amulet)
Stlth  ++........               (no ring)
                                (no ring)

@: lethally poisoned (0 -> -3), flying, very slightly contaminated, not
resistant to hostile enchantments, unstealthy
A: antennae 1, hooves 1, dopey 1, magic shield
a: no special abilities


You were on level 2 of the Dungeon.
You were not hungry.

You visited 1 branch of the dungeon, and saw 2 of its levels.

You collected 74 gold pieces.

Inventory:

Armour
 a - a +0 robe (worn)
 f - a +0 pair of boots (worn)
Scrolls
 e - a scroll of remove curse {unknown}
 h - a scroll of identify {unknown}
 j - a scroll of teleportation {unknown}
Books
 b - a book of Frost

   Spells                             Type                      Level
   a - Freeze                         Ice                          1
   b - Throw Frost                    Conjuration/Ice              2
   c - Ozocubu's Armour               Charms/Ice                   3
   d - Throw Icicle                   Conjuration/Ice              4
   e - Summon Ice Beast               Ice/Summoning                4
   f - Condensation Shield            Ice                          4
Comestibles
 c - a bread ration
 k - a slice of pizza


   Skills:
 + Level 0.6 Fighting
 + Level 2.1 Dodging
 - Level 1.7 Stealth
 + Level 2.2 Spellcasting
   Level 1.0 Conjurations
 * Level 3.2 Ice Magic


You had 4 spell levels left.
You knew the following spells:

 Your Spells              Type           Power        Failure   Level  Hunger
a - Freeze                Ice            ##..         10%         1    #......


Dungeon Overview and Level Annotations

Branches:
Dungeon (2/15)

Altars:


Innate Abilities, Weirdness & Mutations

When hurt, damage is shared between your health and your magic reserves.
You have a pair of small antennae on your head.
You have large cloven feet.
You are dopey. (Int -2)


Message History

* * * LOW HITPOINT WARNING * * *
You feel sick. The hobgoblin hits you with a club.
You hit the hobgoblin.
The hobgoblin is heavily wounded.
The hobgoblin barely misses you.
You hit the hobgoblin but do no damage.
The hobgoblin is heavily wounded.
The hobgoblin barely misses you.
You hit the hobgoblin but do no damage.
The hobgoblin is heavily wounded.
You flicker back into view.
The hobgoblin misses you.
You hit the hobgoblin but do no damage.
The hobgoblin is heavily wounded.
* * * LOW HITPOINT WARNING * * *
You feel sick. The hobgoblin closely misses you.
You hit the hobgoblin.
The hobgoblin is heavily wounded.
The hobgoblin hits you with a club.
You die...

#.........
#.........
.....#.........
.....#..(......
.....##.#######
......#.#
......#.##
#......####
#.#...g@.(#
#...#.###.#
#.....# .#
#.........#
#.........#
#.........#
#.........#
##..w.....+
........##


You could see a hobgoblin.

Vanquished Creatures
  An adder (D:2)
  3 bats
  3 hobgoblins (D:1)
  4 jackals (D:1)
  A giant cockroach (D:1)
  3 giant newts
  3 goblins
  A rat (D:2)
19 creatures vanquished.

Notes
Turn   | Place    | Note
--------------------------------------------------------------
     0 | D:1      | cluie the Demonspawn Ice Elementalist began the quest for the Orb.
     0 | D:1      | Reached XP level 1. HP: 13/13 MP: 3/3
   949 | D:1      | Gained mutation: When hurt, damage is shared between your health and your magic reserves. [demonic ancestry]
   949 | D:1      | Reached XP level 2. HP: 10/19 MP: 0/5
  1140 | D:1      | Reached skill level 3 in Ice Magic
  1512 | D:2      | Gained mutation: You have a pair of small antennae on your head. [potion of mutation]
  1512 | D:2      | Gained mutation: You are dopey. (Int -2) [potion of mutation]
  1512 | D:2      | Gained mutation: You have large cloven feet. [potion of mutation]
  1527 | D:2      | Slain by a hobgoblin

Vault maps used:
D:1:      zelgadis_glass_arrival_small

Action                   || total
-------------------------++-------
Melee: Unarmed           ||    65
 Cast: Freeze            ||    21
  Use: Potion            ||     3
 Stab: Invisible         ||     1
  Eat: Chunk             ||     2
